TOP OF THE 1ST |
Thunder Bay Northern Lions BC batting - Pitching for Kingston Township Knights : RHP Francisco Díaz
|
Pitching: RHP Francisco Díaz
|
|
Batting: LHB Ramón Padilla
|
0-0: Bunt for hit to 23 - play at first, batter OUT! 3-4
|
Batting: RHB Charles Josse
|
0-0: Swinging Strike 0-1: Fly out, F7 (Flyball, 7, EV 90.0 MPH)
|
Batting: LHB Keaton Kringlen
|
0-0: Ball 1-0: Foul Ball, location: 2F 1-1: Swinging Strike 1-2: Strikes out swinging
|
Top of the 1st over - 0 runs, 0 hits, 0 errors, 0 left on base; Thunder Bay 0 - Kingston Township 0 |
BOTTOM OF THE 1ST |
Kingston Township Knights batting - Pitching for Thunder Bay Northern Lions BC : LHP Hervé Favier
|
Pitching: LHP Hervé Favier
|
|
Batting: RHB Amor Campos
|
0-0: Swinging Strike 0-1: Ball 1-1: Ball 2-1: Foul Ball, location: 2F 2-2: Foul Ball, location: 2F 2-2: Strikes out swinging
|
Batting: RHB Jorge Ozezera
|
0-0: SINGLE (Groundball, 6MD, EV 100.0 MPH)
|
Batting: RHB Daniel McCoy
|
0-0: Ball 1-0: Ball 2-0: SINGLE (Groundball, 6MD, EV 101.9 MPH) Jorge Ozezera to second Runner from 2nd tries for 3rd, SAFE, throw by CF made to third
|
Batting: RHB Tom Rowland
|
0-0: Called Strike 0-1: Ball 1-1: Ball 2-1: Foul Ball, location: 2F 2-2: Ball 3-2: Strikes out looking
|
Batting: LHB Ed Mellor
|
0-0: Called Strike 0-1: Called Strike 0-2: Foul Ball, location: 2F 0-2: Ball 1-2: Foul Ball, location: 2F 1-2: Ball 2-2: Ball 3-2: Fly out, F8 (Flyball, 8RM, EV 88.1 MPH)
|
Bottom of the 1st over - 0 runs, 2 hits, 0 errors, 2 left on base; Thunder Bay 0 - Kingston Township 0 |
TOP OF THE 2ND |
Thunder Bay Northern Lions BC batting - Pitching for Kingston Township Knights : RHP Francisco Díaz
|
Batting: LHB Yao-pang Chiang
|
0-0: Swinging Strike 0-1: Called Strike 0-2: Ball 1-2: Ball 2-2: Fly out, F7 (Flyball, 78S, EV 91.9 MPH)
|
Batting: RHB Curf Pierstisnips
|
0-0: Ball 1-0: Called Strike 1-1: Foul Ball, location: 2F 1-2: Strikes out swinging
|
Batting: LHB Sébastien Cornu
|
0-0: Called Strike 0-1: Ball 1-1: Swinging Strike 1-2: Ball 2-2: Strikes out swinging
|
Top of the 2nd over - 0 runs, 0 hits, 0 errors, 0 left on base; Thunder Bay 0 - Kingston Township 0 |
BOTTOM OF THE 2ND |
Kingston Township Knights batting - Pitching for Thunder Bay Northern Lions BC : LHP Hervé Favier
|
Batting: RHB Glenn Curtis
|
0-0: Ball 1-0: Called Strike 1-1: Foul Ball, location: 2F 1-2: Ground out 4-3 (Groundball, 4, EV 101.2 MPH)
|
Batting: RHB Seong-ho Chong
|
0-0: Called Strike 0-1: Ball 1-1: Ball 2-1: Swinging Strike 2-2: Foul Ball, location: 2F 2-2: Strikes out swinging
|
Batting: LHB Ánibal Lima
|
0-0: Ball 1-0: Fly out, F7 (Flyball, 7S, EV 79.4 MPH)
|
Bottom of the 2nd over - 0 runs, 0 hits, 0 errors, 0 left on base; Thunder Bay 0 - Kingston Township 0 |
TOP OF THE 3RD |
Thunder Bay Northern Lions BC batting - Pitching for Kingston Township Knights : RHP Francisco Díaz
|
Batting: RHB Dusty Crum
|
0-0: DOUBLE (Flyball, 9LD, EV 109.4 MPH)
|
Batting: RHB Frank Tatum
|
0-0: Ground out 6-3 (Groundball, 6, EV 78.8 MPH)
|
Batting: LHB Barry Flauker
|
0-0: Swinging Strike 0-1: Ground out 5-3 (Groundball, 56, EV 110.0 MPH)
|
Batting: LHB Ramón Padilla
|
0-0: Ball 1-0: Called Strike 1-1: Called Strike 1-2: Strikes out swinging
|
Top of the 3rd over - 0 runs, 1 hit, 0 errors, 1 left on base; Thunder Bay 0 - Kingston Township 0 |
BOTTOM OF THE 3RD |
Kingston Township Knights batting - Pitching for Thunder Bay Northern Lions BC : LHP Hervé Favier
|
Batting: RHB Dylan Oram
|
0-0: Foul Ball, location: 2F 0-1: Called Strike 0-2: Ball 1-2: Strikes out swinging
|
Batting: RHB Amor Campos
|
0-0: Foul Ball, location: 2F 0-1: Foul Ball, location: 2F 0-2: Foul Ball, location: 2F 0-2: Fly out, F8 (Flyball, 78D, EV 90.0 MPH)
|
Batting: RHB Jorge Ozezera
|
0-0: Ball 1-0: Ground out 5-3 (Groundball, 56S, EV 76.2 MPH)
|
Bottom of the 3rd over - 0 runs, 0 hits, 0 errors, 0 left on base; Thunder Bay 0 - Kingston Township 0 |
TOP OF THE 4TH |
Thunder Bay Northern Lions BC batting - Pitching for Kingston Township Knights : RHP Francisco Díaz
|
Batting: RHB Charles Josse
|
0-0: Ball 1-0: Called Strike 1-1: Ground out 6-3 (Groundball, 6M, EV 101.2 MPH)
|
Batting: LHB Keaton Kringlen
|
0-0: Ball 1-0: Ball 2-0: SINGLE (Groundball, 34D, EV 105.6 MPH)
|
Batting: LHB Yao-pang Chiang
|
0-0: Ball 1-0: Called Strike 1-1: Ball 2-1: Ball 3-1: Fly out, F8 (Flyball, 89XD, EV 102.5 MPH)
|
Batting: RHB Curf Pierstisnips
|
0-0: Ball 1-0: Swinging Strike 1-1: Ball 2-1: Called Strike 2-2: Ground out 1-3 (Groundball, 34S, EV 66.9 MPH)
|
Top of the 4th over - 0 runs, 1 hit, 0 errors, 1 left on base; Thunder Bay 0 - Kingston Township 0 |
BOTTOM OF THE 4TH |
Kingston Township Knights batting - Pitching for Thunder Bay Northern Lions BC : LHP Hervé Favier
|
Batting: RHB Daniel McCoy
|
0-0: Swinging Strike 0-1: Ball 1-1: Foul Ball, location: 2F 1-2: Foul Ball, location: 2F 1-2: Ball 2-2: SOLO HOME RUN (Flyball, 78XD, EV 105.0 MPH), Distance : 448 ft
|
Batting: RHB Tom Rowland
|
0-0: Ball 1-0: Ball 2-0: Called Strike 2-1: Ball 3-1: Foul Ball, location: 2F 3-2: Foul Ball, location: 2F 3-2: Ground out 6-3 (Groundball, 56, EV 93.8 MPH)
|
Batting: LHB Ed Mellor
|
0-0: Fly out, F8 (Line Drive, 8RD, EV 83.8 MPH)
|
Batting: RHB Glenn Curtis
|
0-0: Called Strike 0-1: Ball 1-1: Called Strike 1-2: Ball 2-2: Ground out 5-3 (Groundball, 56, EV 89.4 MPH)
|
Bottom of the 4th over - 1 run, 1 hit, 0 errors, 0 left on base; Thunder Bay 0 - Kingston Township 1 |
TOP OF THE 5TH |
Thunder Bay Northern Lions BC batting - Pitching for Kingston Township Knights : RHP Francisco Díaz
|
Batting: LHB Sébastien Cornu
|
0-0: Called Strike 0-1: Ground out 6-3 (Groundball, 56, EV 87.5 MPH)
|
Batting: RHB Dusty Crum
|
0-0: Ball 1-0: Ball 2-0: Called Strike 2-1: Swinging Strike 2-2: Foul Ball, location: 2F 2-2: Ball 3-2: Base on Balls
|
Batting: RHB Frank Tatum
|
0-0: Ball 1-0: Called Strike 1-1: Ball 2-1: Ball 3-1: Foul Ball, location: 2F 3-2: SINGLE (Groundball, 6MS, EV 70.0 MPH) (infield hit) Dusty Crum to second
|
Batting: LHB Barry Flauker
|
0-0: Ball 1-0: Ball Passed Ball! Dusty Crum to third Frank Tatum to second 2-0: Swinging Strike 2-1: Swinging Strike 2-2: Strikes out swinging
|
Batting: LHB Ramón Padilla
|
0-0: Called Strike 0-1: Ball 1-1: Ball 2-1: Ball 3-1: Base on Balls
|
Batting: RHB Charles Josse
|
0-0: Fielders Choice at 2nd, 5-4 (Groundball, 56, EV 104.4 MPH)
|
Top of the 5th over - 0 runs, 1 hit, 0 errors, 3 left on base; Thunder Bay 0 - Kingston Township 1 |
BOTTOM OF THE 5TH |
Kingston Township Knights batting - Pitching for Thunder Bay Northern Lions BC : LHP Hervé Favier
|
Batting: RHB Seong-ho Chong
|
0-0: Called Strike 0-1: Ball 1-1: Called Strike 1-2: SINGLE (Groundball, 4S, EV 72.5 MPH) (infield hit)
|
Batting: LHB Ánibal Lima
|
0-0: Ball 1-0: Sac Bunt to 25 - play at first, batter OUT! 5-4 Seong-ho Chong to second
|
Batting: RHB Dylan Oram
|
0-0: Foul Ball, location: 2F 0-1: SINGLE (Groundball, 6MD, EV 105.0 MPH) Seong-ho Chong to third Runner from 3rd tries for Home, SAFE, throw by CF to home Dylan Oram to second
|
Batting: RHB Amor Campos
|
0-0: Ball 1-0: Ground out 4-3 (Groundball, 34, EV 86.9 MPH) Dylan Oram to third
|
Batting: RHB Jorge Ozezera
|
0-0: Called Strike 0-1: Called Strike 0-2: Ball 1-2: SINGLE (Line Drive, 7S, EV 106.2 MPH) Dylan Oram scores
|
Batting: RHB Daniel McCoy
|
0-0: Swinging Strike 0-1: Swinging Strike 0-2: Strikes out looking
|
Bottom of the 5th over - 2 runs, 3 hits, 0 errors, 1 left on base; Thunder Bay 0 - Kingston Township 3 |
TOP OF THE 6TH |
Thunder Bay Northern Lions BC batting - Pitching for Kingston Township Knights : RHP Francisco Díaz
|
Batting: LHB Keaton Kringlen
|
0-0: Ball 1-0: DOUBLE (Line Drive, 7LS, EV 102.5 MPH)
|
Batting: LHB Yao-pang Chiang
|
0-0: Called Strike 0-1: DOUBLE (Line Drive, 8RD, EV 105.0 MPH) Keaton Kringlen scores
|
Batting: RHB Curf Pierstisnips
|
0-0: Ball 1-0: Foul Ball, location: 2F 1-1: Ball 2-1: Foul Ball, location: 2F 2-2: SINGLE (Groundball, 56D, EV 105.6 MPH) Yao-pang Chiang to third Runner from 3rd tries for Home, SAFE, throw by LF to home
|
Batting: LHB Sébastien Cornu
|
0-0: Sac Bunt to P - play at first, batter OUT! 1-4 Curf Pierstisnips to second
|
Batting: RHB Dusty Crum
|
0-0: Ball 1-0: Fly out, F9 (Flyball, 9LM, EV 90.0 MPH)
|
Batting: RHB Frank Tatum
|
0-0: Called Strike 0-1: Fly out, F9 (Flyball, 9, EV 91.9 MPH)
|
Top of the 6th over - 2 runs, 3 hits, 0 errors, 1 left on base; Thunder Bay 2 - Kingston Township 3 |
BOTTOM OF THE 6TH |
Kingston Township Knights batting - Pitching for Thunder Bay Northern Lions BC : LHP Hervé Favier
|
Batting: RHB Tom Rowland
|
0-0: Called Strike 0-1: Swinging Strike 0-2: Fly out, F8 (Line Drive, 8RM, EV 90.6 MPH)
|
Batting: LHB Ed Mellor
|
0-0: Ball 1-0: Ball 2-0: Foul Ball, location: 2F 2-1: Called Strike 2-2: Ball 3-2: Ground out 5-3 (Groundball, 56S, EV 76.2 MPH)
|
Batting: RHB Glenn Curtis
|
0-0: Called Strike 0-1: Foul Ball, location: 2F 0-2: Strikes out swinging
|
Bottom of the 6th over - 0 runs, 0 hits, 0 errors, 0 left on base; Thunder Bay 2 - Kingston Township 3 |
TOP OF THE 7TH |
Thunder Bay Northern Lions BC batting - Pitching for Kingston Township Knights : RHP Francisco Díaz
|
Batting: LHB Barry Flauker
|
0-0: Ground out 2-3 (Groundball, 15S, EV 64.4 MPH)
|
Batting: LHB Ramón Padilla
|
0-0: Ball 1-0: Called Strike 1-1: Fly out, F8 (Line Drive, 8RM, EV 103.8 MPH)
|
Batting: RHB Charles Josse
|
0-0: Ball 1-0: Called Strike 1-1: Ball 2-1: Ground out 6-3 (Groundball, 6, EV 79.4 MPH)
|
Top of the 7th over - 0 runs, 0 hits, 0 errors, 0 left on base; Thunder Bay 2 - Kingston Township 3 |
BOTTOM OF THE 7TH |
Kingston Township Knights batting - Pitching for Thunder Bay Northern Lions BC : LHP Hervé Favier
|
Batting: RHB Seong-ho Chong
|
0-0: Ball 1-0: Fly out, F9 (Flyball, 9D, EV 82.5 MPH)
|
Batting: LHB Ánibal Lima
|
0-0: Ball 1-0: Foul Ball, location: 2F 1-1: Fly out, F8 (Line Drive, 8RD, EV 90.6 MPH)
|
Batting: RHB Dylan Oram
|
0-0: SINGLE (Groundball, 34D, EV 100.0 MPH)
|
Batting: RHB Amor Campos
|
0-0: Ball 1-0: Ball 2-0: Fly out, F7 (Flyball, 7LS, EV 91.2 MPH)
|
Bottom of the 7th over - 0 runs, 1 hit, 0 errors, 1 left on base; Thunder Bay 2 - Kingston Township 3 |
TOP OF THE 8TH |
Thunder Bay Northern Lions BC batting - Pitching for Kingston Township Knights : RHP Francisco Díaz
|
Batting: LHB Keaton Kringlen
|
0-0: Ball 1-0: Swinging Strike 1-1: Fly out, F8 (Flyball, 8LD, EV 90.6 MPH)
|
Batting: LHB Yao-pang Chiang
|
0-0: Ball 1-0: Called Strike 1-1: Ball 2-1: Swinging Strike 2-2: Ball 3-2: Foul Ball, location: 2F 3-2: Base on Balls
|
Batting: RHB Curf Pierstisnips
|
0-0: Ball 1-0: Foul Ball, location: 2F 1-1: Grounds into double play, 4-6-3 (Groundball, 4, EV 83.8 MPH)
|
Top of the 8th over - 0 runs, 0 hits, 0 errors, 0 left on base; Thunder Bay 2 - Kingston Township 3 |
BOTTOM OF THE 8TH |
Kingston Township Knights batting - Pitching for Thunder Bay Northern Lions BC : LHP Hervé Favier
|
Batting: RHB Jorge Ozezera
|
0-0: Called Strike 0-1: Ball 1-1: Called Strike 1-2: Ball 2-2: Fly out, F7 (Flyball, 78S, EV 83.1 MPH)
|
Pitching: LHP Masamichi Nakagawa
|
|
Batting: RHB Daniel McCoy
|
0-0: Foul Ball, location: 2F 0-1: Called Strike 0-2: Foul Ball, location: 2F 0-2: Foul Ball, location: 2F 0-2: Ball 1-2: Ball 2-2: Foul Ball, location: 2F 2-2: Foul Ball, location: 2F 2-2: Ball 3-2: SOLO HOME RUN (Flyball, 89XD, EV 86.9 MPH), Distance : 441 ft
|
Batting: RHB Tom Rowland
|
0-0: Foul Ball, location: 2F 0-1: Foul Ball, location: 2F 0-2: Foul Ball, location: 2F 0-2: Ball 1-2: Ball 2-2: Ball 3-2: Foul Ball, location: 2F 3-2: DOUBLE (Flyball, 8RXD, EV 97.5 MPH)
|
Batting: LHB Ed Mellor
|
0-0: Called Strike 0-1: Ball 1-1: Ball 2-1: Called Strike 2-2: Foul Ball, location: 2F 2-2: Strikes out swinging
|
Batting: RHB Glenn Curtis
|
0-0: Foul Ball, location: 2F 0-1: SINGLE (Groundball, 3D, EV 105.6 MPH) Tom Rowland to third Runner from 3rd tries for Home, SAFE, throw by RF to home
|
Batting: RHB Seong-ho Chong
|
0-0: Called Strike 0-1: Ball 1-1: Ball 2-1: Foul Ball, location: 2F 2-2: Strikes out swinging
|
Bottom of the 8th over - 2 runs, 3 hits, 0 errors, 1 left on base; Thunder Bay 2 - Kingston Township 5 |
TOP OF THE 9TH |
Thunder Bay Northern Lions BC batting - Pitching for Kingston Township Knights : RHP Francisco Díaz
|
Now in LF: Dave Broom
|
|
Batting: LHB Sébastien Cornu
|
0-0: Ball 1-0: Foul Ball, location: 2F 1-1: Called Strike 1-2: Ground out 3-1 (Groundball, 34, EV 97.5 MPH)
|
Batting: RHB Dusty Crum
|
0-0: Ball 1-0: Ball 2-0: Ball 3-0: Swinging Strike 3-1: Ground out 5-3 (Groundball, 56, EV 86.9 MPH)
|
Batting: RHB Frank Tatum
|
0-0: Swinging Strike 0-1: Foul Ball, location: 2F 0-2: Ball 1-2: Reached on error, E5 (Groundball, 56, EV 78.8 MPH)
|
Pitching: LHP David Blake
|
|
Batting: LHB Barry Flauker
|
0-0: Swinging Strike 0-1: Foul Ball, location: 2F 0-2: Strikes out swinging
|
Top of the 9th over - 0 runs, 0 hits, 1 error, 1 left on base; Thunder Bay 2 - Kingston Township 5 |
|